 Dungeon Crawl Stone Soup version 0.29.0-13-gc9e81de378 (webtiles) character file.

Game seed: 8264378610187508697

55 purpskrrrp the Trooper (level 3, -1/29 HPs)
             Began as a Demonspawn Chaos Knight on Sept 7, 2022.
             Was a Plaything of Xom.
             Slain by a rat (3 damage)
             ... on level 3 of the Dungeon.
             The game lasted 00:03:45 (1376 turns).

purpskrrrp the Trooper (Demonspawn Chaos Knight)    Turns: 1376, Time: 00:03:46

Health: -1/29      AC:  5    Str: 14    XL:     3   Next: 67%
Magic:  3/3        EV: 13    Int: 13    God:    Xom [*.....]
Gold:   133        SH:  0    Dex: 12    Spells: 2/2 levels left

rFire   . . .      SeeInvis .   d - +5 mace
rCold   . . .      Faith    .   (no shield)
rNeg    . . .      Spirit   .   b - +2 leather armour
rPois   .          Reflect  .   (no helmet)
rElec   .          Harm     .   (no cloak)
rCorr   .          Rampage  .   (no gloves)
Will    .....                   (no boots)
Stlth   +.........              (no amulet)
HPRegen 0.09/turn               (no ring)
MPRegen 0.08/turn               (no ring)

@: no status effects
A: repulsion field 1, demonic magic 1
a: Renounce Religion


You were on level 3 of the Dungeon.
You worshipped Xom.
You were a special plaything of Xom.
You visited 1 branch of the dungeon, and saw 3 of its levels.

You collected 133 gold pieces.

Inventory:

Hand Weapons
 a - a +0 hand axe of chaos
 d - a +5 mace (weapon)
Armour
 b - a +2 leather armour (worn)
Jewellery
 e - a ring of fire
Potions
 h - a potion of mutation
Miscellaneous
 c - a piece from Xom's chessboard (11/15) (quivered)


   Skills:
 + Level 3.4 Fighting
 - Level 2.7(3.0) Axes
 * Level 1.5(2.4) Maces & Flails
 + Level 2.3 Armour
 + Level 1.5 Dodging


You had 2 spell levels left.
You didn't know any spells.
Your spell library contained the following spells:

 Spells                   Type           Power      Damage    Failure   Level
 Apportation              Tloc           0%         N/A       36%         1
 Necrotise                Necr           0%         1d4       36%         1
 Summon Small Mammal      Summ           0%         N/A       36%         1


Dungeon Overview and Level Annotations

Branches:
Dungeon (2/15)

Altars:

Annotations:
D:3 Robin


Innate Abilities, Weirdness & Mutations

You are surrounded by a mild repulsion field. (EV +2)
Spells you cast may paralyse adjacent enemies.


Message History

Unknown command.
Robin throws the goblin at you!
The goblin unwields a +0 sling.
The goblin wields a +0 club.
The goblin barely misses you.
You see here a +0 club.
You completely miss the goblin.
A goblin comes into view. It is wielding a +0 dagger.
The goblin hits you but does no damage.
You closely miss the goblin. The goblin hits you with a +0 club.
You thump the goblin!
You kill the goblin!
The goblin is no longer paralysed.
The goblin seems less confused.
Robin roars a battlecry!
The goblins go into a battle-frenzy!
The goblin hits you with a +0 dagger.
* * * LOW HITPOINT WARNING * * *
The goblin hits you but does no damage. x2
You barely miss the goblin. The goblin barely misses you. x2
You barely miss the goblin. The goblin hits you but does no damage.
The goblin hits you with a +0 dagger.
* * * LOW HITPOINT WARNING * * *
The goblin hits you with a +0 dagger.
* * * LOW HITPOINT WARNING * * *
You sock the goblin!
You kill the goblin!
The goblin hits you with a +0 dagger.
* * * LOW HITPOINT WARNING * * *
The goblin hits you but does no damage.
As you read the scroll labelled ODESIA JU NAM, it crumbles to dust.
You assume a fearsome visage.
Robin looks frightened!
The goblin looks frightened!
The hobgoblin looks frightened!
The goblin looks frightened!
It was a scroll of fear. 2 rats come into view.
You see here a +0 club.
There is a stone staircase leading down here.
You can't go up here!
You hit the rat but do no damage.
The goblin no longer looks unusually strong.
The goblin is no longer moving quickly.
The rat bites you but does no damage. x2
The rat bites you.
You die...

######## #......#
###......#######+#######
†.)....gg..)).).@....g..
###.....[######rr.......
######## #.........
#......... #.........
##....!..# #.#####.# ..#
g#


You could see 2 goblins and 2 rats.

Vanquished Creatures
  A gnoll (D:1)
  An adder (D:2)
  A dart slug (D:1)
  A bat (D:1)
  2 giant cockroaches (D:1)
  10 goblins
  3 hobgoblins
  3 kobolds (D:1)
  5 ball pythons
  A frilled lizard (D:1)
  5 rats (D:1)
33 creatures vanquished.

Vanquished Creatures (others)
  A goblin (D:3)
1 creature vanquished.

Grand Total: 34 creatures vanquished

Notes
Turn   | Place    | Note
-------+----------+-------------------------------------------
     0 | D:1      | purpskrrrp the Demonspawn Chaos Knight began the quest for
                  | the Orb.
     0 | D:1      | Reached XP level 1. HP: 18/18 MP: 1/1
    77 | D:1      | Reached skill level 1 in Dodging
   242 | D:1      | XOM: divination: detect creatures
   256 | D:1      | Gained mutation: Spells you cast may paralyse adjacent
                  | enemies. [demonic ancestry]
   256 | D:1      | Reached XP level 2. HP: 24/24 MP: 2/2
   426 | D:1      | XOM: divination: detect creatures
   550 | D:1      | XOM: silly message
   561 | D:1      | Reached skill level 1 in Maces & Flails
   561 | D:1      | Gained mutation: You are surrounded by a mild repulsion
                  | field. (EV +2) [demonic ancestry]
   561 | D:1      | Reached XP level 3. HP: 5/29 MP: 3/3
   639 | D:1      | XOM: silly message
   702 | D:1      | XOM: divination: magic mapping
  1116 | D:2      | XOM: divination: detect creatures
  1317 | D:2      | You fall into a shaft and drop 1 floor!
  1328 | D:3      | Noticed Robin
  1332 | D:3      | XOM: silly message
  1341 | D:3      | XOM: silly message
  1369 | D:3      | HP: 1/29 [goblin/+0 dagger[Robin] (3)]
  1376 | D:3      | Slain by a rat

Illustrated notes

Levels and vault maps discovered:
D:1:      nicolae_arrival_memento_mori, layout_loops_cross
D:2:      layout_loops_ring, dk_noncrumbling_3, uniq_sigmund
D:3:      cheibrodos_thug_alley, layout_basic,
          chequers_ecumenical_altar_simple_redux, supply_closet_lemuel,
          uniq_robin, uniq_ijyb, uniq_jessica

Skill      XL: |  1  2 |
---------------+-------+-----
Dodging        | 1 |  1.5
Armour         | 2 |  2.3
Maces & Flails | 1 |  1.5
Fighting       | |  3.4
Axes           | |  2.7

Action                   || total
-------------------------++-------
Melee: Hand axe          ||    19
       Mace              ||    60
       Punch             ||     1
Evoke: Piece from Xom's  ||     4
  Use: Scroll            ||     2
       Potion            ||     1
 Stab: Sleeping          ||     2
       Petrified         ||     2
Armor: Leather armour    ||    41
Dodge: Dodged            ||    60
